 Dungeon Crawl Stone Soup version 0.29-a0-352-g0917bc69df (webtiles) character file.

Game seed: 12307475417134985223

124 101zpm the Gusty (level 5, 0/37 HPs)
             Began as a Gnoll Air Elementalist on Apr 23, 2022.
             Slain by a gnoll
             ... wielding a +0 whip
              (5 damage)
             ... on level 3 of the Dungeon.
             The game lasted 00:10:06 (3460 turns).

101zpm the Gusty (Gnoll Air Elementalist)           Turns: 3460, Time: 00:10:07

Health: 0/37       AC:  4    Str:  7    XL:     5   Next: 8%
Magic:  8/12       EV: 13    Int: 16    God:
Gold:   128        SH:  0    Dex: 13    Spells: 13/14 levels left

rFire   . . .      SeeInvis +   o - staff of cold
rCold   + . .      Faith    .   (no shield)
rNeg    . . .      Spirit   .   a - +0 robe
rPois   .          Reflect  .   (no helmet)
rElec   .          Harm     .   (no cloak)
rCorr   .          Rampage  .   s - +0 pair of gloves
Will    .....                   l - +0 pair of boots
Stlth   +++.......              (no amulet)
HPRegen 0.12/turn               q - ring of see invisible
MPRegen 0.13/turn               (no ring)

@: very slightly contaminated
A: fangs 1, strong nose, distributed training
a: no special abilities


You were on level 3 of the Dungeon.
You visited 1 branch of the dungeon, and saw 4 of its levels.

You collected 128 gold pieces.

Inventory:

Hand Weapons
 r - a +1 flail of holy wrath
Armour
 a - a +0 robe (worn)
 l - a +0 pair of boots (worn)
 s - a +0 pair of gloves (worn)
Magical Staves
 o - a staff of cold (weapon)
 t - a staff of earth
Jewellery
 q - a ring of see invisible (left hand)
Wands
 i - a wand of flame (12)
Scrolls
 d - 3 scrolls of identify {unknown}
 e - a scroll of teleportation {unknown}
 j - 2 scrolls of blinking {unknown}
 n - a scroll of amnesia {unknown}
 p - a scroll of fear {unknown}
Potions
 b - a potion of magic
 c - a potion of mutation {unknown}
 f - a potion of resistance {unknown}
 g - 3 potions of heal wounds {unknown}
 h - a potion of cancellation {unknown}
 k - a potion of brilliance {unknown}
 m - a potion of attraction {unknown}


   Skills:
 + Level 1.3 Fighting
 + Level 1.3 Short Blades
 + Level 1.3 Long Blades
 + Level 1.3 Axes
 + Level 1.3 Maces & Flails
 + Level 1.3 Polearms
 + Level 1.3 Staves
 + Level 1.3 Slings
 + Level 1.3 Bows
 + Level 1.3 Crossbows
 + Level 1.3 Throwing
 + Level 1.3 Armour
 + Level 4.7 Dodging
 + Level 4.3 Stealth
 + Level 1.3 Shields
 + Level 1.3 Unarmed Combat
 + Level 5.1 Spellcasting
 + Level 2.3 Conjurations
 + Level 1.1 Hexes
 + Level 1.1 Summonings
 + Level 1.1 Necromancy
 + Level 1.1 Translocations
 + Level 1.1 Transmutations
 + Level 1.1 Fire Magic
 + Level 1.1 Ice Magic
 + Level 5.5 Air Magic
 + Level 1.1 Earth Magic
 + Level 1.1 Poison Magic
 + Level 1.5 Invocations
 + Level 1.3 Evocations


You had 13 spell levels left.
You knew the following spells:

 Your Spells              Type           Power      Damage    Failure   Level
a - Shock                 Conj/Air       64%        1d7       3%          1

Your spell library contained the following spells:

 Spells                   Type           Power      Damage    Failure   Level
 Static Discharge         Conj/Air       16%        N/A       4%          2
 Swiftness                Air            21%        N/A       4%          3
 Magic Dart               Conj           44%        1d5       6%          1
 Summon Small Mammal      Summ           28%        N/A       10%         1
 Mephitic Cloud           Conj/Pois/Air  13%        N/A       13%         3
 Call Imp                 Summ           7%         N/A       14%         2
 Airstrike                Air            10%        N/A       16%         4
 Call Canine Familiar     Summ           7%         N/A       28%         3
 Summon Guardian Golem    Hex/Summ       7%         N/A       28%         3
 Alistair's Intoxication  Tmut/Pois      4%         N/A       95%         5
 Borgnjor's Vile Clutch   Necr/Erth      3%         N/A       95%         5
 Eringya's Noxious Bog    Tmut/Pois      3%         N/A       100%        6


Dungeon Overview and Level Annotations

Branches:
Dungeon (4/15)
 Temple: D:4-7

Altars:
Cheibriados
Yredelemnul

Shops:
D:3 *

Annotations:
D:2 Sigmund


Innate Abilities, Weirdness & Mutations

You have very sharp teeth.
Your uncanny sense of smell can sniff out nearby items.
Your experience applies equally to all skills.


Message History

There is a stone staircase leading down here.
Aiming: Shock (safe; 3% risk of failure)
Press: ? - help, Q - select action, (/) - cycle Shift-Dir - straight line, f - gnoll
Aim: a gnoll, wielding a +0 club (75% to hit)
The zap hits the quokka.
The quokka is moderately wounded.
The zap misses the gnoll.
The quokka bites you. The gnoll hits you with a +0 club. x2
The gnoll hits you but does no damage.
Aiming: Shock (safe; 3% risk of failure)
Press: ? - help, Q - select action, (/) - cycle Shift-Dir - straight line, f/p - gnoll
Aim: a gnoll, wielding a +0 club (75% to hit)
You miscast Shock.
You are very lightly contaminated with residual magic.
Nothing appears to happen.
The quokka barely misses you. The gnoll hits you with a +0 club.
The gnoll hits you with a +0 whip.
* * * LOW HITPOINT WARNING * * *
The gnoll closely misses you.
Aiming: Shock (safe; 3% risk of failure)
Press: ? - help, Q - select action, (/) - cycle Shift-Dir - straight line The zap hits the gnoll.
The gnoll is heavily wounded.
The zap misses the gnoll.
The quokka barely misses you. The gnoll hits you with a +0 club.
* * * LOW HITPOINT WARNING * * *
The gnoll hits you with a +0 club.
* * * LOW HITPOINT WARNING * * *
The gnoll hits you with a +0 whip.
* * * LOW HITPOINT WARNING * * *
The quokka barely misses you.
Aiming: Shock (safe; 3% risk of failure)
Press: ? - help, Q - select action, (/) - cycle Shift-Dir - straight line The zap hits the gnoll.
The gnoll is lightly wounded.
The zap hits the gnoll.
The gnoll is moderately wounded.
The gnoll hits you but does no damage. The gnoll barely misses you.
The gnoll hits you with a +0 whip.
You die...

≈≈≈≈≈≈.## #..#######...# #.##
.....≈§.# #..)....##.<.# #.##
♣♣♣♣.≈..# #.#####.##...####.##
.....≈..# #.# #...........##
._.♣.≈..# ##.######............
...♣.≈..#####.............#######
♣♣♣♣.≈.......#.#.####.##..#
.§§..≈.#.......ggg........#
§≈§≈§≈.......#.#@########.#
.........##.#..r## #.#
...............##########.#
..........................#
......#...#.###############
#.#..##...#.# ###.###...#.# #.#
#####.# #.# #.#


You could see 3 gnolls and a quokka.

Vanquished Creatures
  2 gnolls (D:3)
  2 adders (D:3)
  A white imp (D:3)
  4 worms (D:3)
  8 orcs (D:3)
  5 endoplasms
  2 giant cockroaches
  5 goblins
  4 hobgoblins
  4 kobolds
  2 quokkas
  5 ball pythons
  9 bats
  A frilled lizard (D:2)
  6 rats
60 creatures vanquished.

Notes
Turn   | Place    | Note
-------+----------+-------------------------------------------
     0 | D:1      | 101zpm the Gnoll Air Elementalist began the quest for the
                  | Orb.
     0 | D:1      | Reached XP level 1. HP: 13/13 MP: 6/6
   279 | D:2      | Reached XP level 2. HP: 19/19 MP: 2/7
   829 | D:2      | Noticed Sigmund
   901 | D:3      | Reached XP level 3. HP: 25/25 MP: 6/9
   938 | D:3      | Reached skill level 5 in Spellcasting
  1109 | D:3      | Reached skill level 1 in Invocations
  1122 | D:3      | Found a basalt altar of Yredelemnul.
  1202 | D:3      | Found a snail-covered altar of Cheibriados.
  1313 | D:3      | Reached skill level 1 in Fighting
  1313 | D:3      | Reached skill level 1 in Short Blades
  1313 | D:3      | Reached skill level 1 in Long Blades
  1313 | D:3      | Reached skill level 1 in Axes
  1313 | D:3      | Reached skill level 1 in Maces & Flails
  1313 | D:3      | Reached skill level 1 in Polearms
  1313 | D:3      | Reached skill level 1 in Staves
  1313 | D:3      | Reached skill level 1 in Slings
  1313 | D:3      | Reached skill level 1 in Bows
  1313 | D:3      | Reached skill level 1 in Crossbows
  1313 | D:3      | Reached skill level 1 in Throwing
  1313 | D:3      | Reached skill level 1 in Armour
  1313 | D:3      | Reached skill level 1 in Shields
  1313 | D:3      | Reached skill level 1 in Unarmed Combat
  1313 | D:3      | Reached skill level 1 in Evocations
  1365 | D:3      | Found Fohiduor's General Store.
  1420 | D:3      | Reached XP level 4. HP: 32/32 MP: 4/11
  2818 | D:3      | Reached skill level 1 in Hexes
  2818 | D:3      | Reached skill level 1 in Summonings
  2818 | D:3      | Reached skill level 1 in Necromancy
  2818 | D:3      | Reached skill level 1 in Translocations
  2818 | D:3      | Reached skill level 1 in Transmutations
  2818 | D:3      | Reached skill level 1 in Fire Magic
  2818 | D:3      | Reached skill level 1 in Ice Magic
  2818 | D:3      | Reached skill level 1 in Earth Magic
  2818 | D:3      | Reached skill level 1 in Poison Magic
  3385 | D:3      | Reached XP level 5. HP: 29/37 MP: 8/12
  3460 | D:3      | Slain by a gnoll

Illustrated notes

Levels and vault maps discovered:
D:1:      lightli_arrival_statuegarden, layout_basic, minmay_statues_item,
          amcnicky_mini_rare_corridor_liquid, minmay_tetromino_s4
D:2:      layout_basic, dilly_ecumenical_altar_fadedgnrine, uniq_sigmund
D:3:      minmay_octagon_keep, layout_loops_ring, slow_altar_2,
          mainiacjoe_overflow_brackets, serial_shops, nicolae_shop_trees
D:4:      layout_cave_pools, uniq_edmund

Skill      XL: |  1  2  3  4 |
---------------+-------------+-----
Conjurations   | 2 |  2.3
Spellcasting   | 5 |  5.1
Invocations    | 1 |  1.5
Fighting       | 1 |  1.3
Short Blades   | 1 |  1.3
Long Blades    | 1 |  1.3
Axes           | 1 |  1.3
Maces & Flails | 1 |  1.3
Polearms       | 1 |  1.3
Staves         | 1 |  1.3
Slings         | 1 |  1.3
Bows           | 1 |  1.3
Crossbows      | 1 |  1.3
Throwing       | 1 |  1.3
Armour         | 1 |  1.3
Shields        | 1 |  1.3
Unarmed Combat | 1 |  1.3
Evocations     | 1 |  1.3
Hexes          | 1 |  1.1
Summonings     | 1 |  1.1
Necromancy     | 1 |  1.1
Translocations | 1 |  1.1
Transmutations | 1 |  1.1
Fire Magic     | 1 |  1.1
Ice Magic      | 1 |  1.1
Earth Magic    | 1 |  1.1
Poison Magic   | 1 |  1.1
Dodging        | |  4.7
Stealth        | |  4.3
Air Magic      | |  5.5

Action                   |  1- 3 |  4- 6 || total
-------------------------+-------+-------++-------
 Cast: Shock             |    58 |    79 ||   137
Armor: Robe              |     1 |     4 ||     5
Dodge: Dodged            |     2 |    19 ||    21

Table legend: (Time is in decaauts)
 A = Elapsed time spent in this place.
 B = Non-inter-level travel time spent in this place.
 C = Inter-level travel time spent in this place.
 D = Time resting spent in this place.
 E = Time spent auto-exploring this place.
 F = Levels seen in this place.
 G = Mean time per level.
                   A        B        C        D        E       F      G
               +--------+--------+--------+--------+--------+-----+--------+
         Total |   3461 |   3195 |    266 |     73 |   2733 |   4 |  865.2 |
       Dungeon |   3461 |   3195 |    266 |     73 |   2733 |   4 |  865.2 |
               +--------+--------+--------+--------+--------+-----+--------+

Top non-repeatable levels by time:
     D:3: 1443 daAuts
     D:2: 1078 daAuts
     D:1: 934 daAuts
     D:4: 5 daAuts
